 Dungeon Crawl Stone Soup version 0.30-b1-2-g02819fbbbe (webtiles) character file.

Game seed: 10542432085472795935

1607670 xxadam the Conqueror (level 26, 239/239 HPs)
             Began as a Minotaur Fighter on Jan 8, 2024.
             Was a High Priest of Okawaru.
             Escaped with the Orb
             ... and 3 runes on Jan 9, 2024!
             The game lasted 06:12:32 (77035 turns).

xxadam the Conqueror (Minotaur Fighter)            Turns: 77035, Time: 06:12:33

Health: 239/239    AC: 51    Str: 45      XL:     26   Next: 94%
Magic:  34/34      EV: 18    Int:  2 (5)  God:    Okawaru [*****.]
Gold:   6689       SH: 27    Dex: 15      Spells: 25/25 levels left

rFire   + + +        b - +7 sacred scourge (holy)
rCold   + . .        X - +3 tower shield {AC+3}
rNeg    . . .        U - +13 crystal plate armour
rPois   +            Z - +0 hat
rElec   +            A - scarf "Nafuym" {rC+ rF+, Str+6 Stlth+}
rCorr   .            P - +0 pair of gloves "Zuadwy" {rF++}
SInv    +            I - +2 pair of boots {rampage}
Will    +....        Q - amulet "Nytet" {rElec rF+ Regen+ Str+3} Stlth
                     t - ring "Zeitiah" {rElec rPois Str+6 Dex+6}
HPRegen 1.39/turn    r - ring of see invisible
MPRegen 0.24/turn

%: rampage
@: studying 2 skills
A: horns 2, retaliatory headbutt, clumsy 1, deterioration 1, frail 1,
teleportitis 1, weak 1, subdued magic 1
0: Orb of Zot
}: 3/15 runes: serpentine, barnacled, silver
a: Renounce Religion, Heroism, Finesse, Duel


You escaped.
You worshipped Okawaru.
Okawaru was extremely pleased with you.
You visited 9 branches of the dungeon, and saw 47 of its levels.
You also visited: Ice Cave and Wizlab.

You collected 9167 gold pieces.
You spent 2478 gold pieces at shops.

Inventory:

Hand Weapons
 a - the +8 eveningstar "Olex Xia" {venom, Drain Will+ rCorr Stlth+}
   (Okawaru gifted it to you on level 14 of the Dungeon)

   rCorr:     It protects you from acid and corrosion.
   Drain:     It drains your maximum health when unequipped.
   Will:      It increases your willpower.
   Stlth:     It makes you more stealthy.
 b - a +7 sacred scourge of holy wrath (weapon)
Missiles
 L - 18 silver javelins
 T - 20 boomerangs (quivered)
 V - 33 javelins
Armour
 c - the +0 pair of gloves "Vanus" {rPois Will+ Dex+7}
   (Okawaru gifted it to you on level 3 of the Snake Pit)

   Dex:       It affects your dexterity (+7).
   rPois:     It protects you from poison.
   Will:      It increases your willpower.
 v - a +2 cloak of poison resistance
 y - a +2 cloak of poison resistance
 A - the scarf "Nafuym" (worn) {rC+ rF+, Str+6 Stlth+}
   (Okawaru gifted it to you on level 1 of the Elven Halls)

   Str:       It affects your strength (+6).
   Stlth:     It makes you more stealthy.
 C - the +4 dragonskin cloak
   (You took it off Tiamat on level 1 of the Realm of Zot)

   Avatar's Aegis: It grants the wearer a chance to resist fire, cold, poison,
   electricity, acid, and negative energy.
 I - a +2 pair of boots of rampaging (worn)
 P - the +0 pair of gloves "Zuadwy" (worn) {rF++}
   (Okawaru gifted it to you on level 2 of the Shoals)

   rF:        It greatly protects you from fire.
 U - a +13 crystal plate armour (worn)
 X - a +3 tower shield of protection (worn)
 Z - a +0 hat (worn)
Jewellery
 f - the ring "Aliqecue" {Will+ MP+9 Dex+6}
   (You acquired it on level 8 of the Dungeon)

   [ring of dexterity]

   Dex:       It affects your dexterity (+6).
   MP:        It affects your magic capacity (+9).
   Will:      It increases your willpower.
 j - a ring of flight
 k - the amulet of Keufoal {Reflect Dex+4 SH+5}
   (You bought it in a shop on level 1 of the Depths)

   [amulet of reflection]

   It reflects blocked missile attacks.
   Dex:       It affects your dexterity (+4).
   SH:        It affects your SH (+5).
 m - a +4 ring of protection
 r - a ring of see invisible (right hand)
 t - the ring "Zeitiah" (left hand) {rElec rPois Str+6 Dex+6}
   (You bought it in a shop on level 3 of the Snake Pit)

   [ring of strength]

   Str:       It affects your strength (+6).
   Dex:       It affects your dexterity (+6).
   rElec:     It insulates you from electricity.
   rPois:     It protects you from poison.
 u - a +5 ring of evasion
 w - a ring of poison resistance
 J - a ring of protection from fire
 Q - the amulet "Nytet" (around neck) {rElec rF+ Regen+ Str+3}
   (You took it off a merfolk siren on level 4 of the Shoals)

   [amulet of regeneration]

   Str:       It affects your strength (+3).
   rF:        It protects you from fire.
   rElec:     It insulates you from electricity.
   Regen:     It increases your rate of health regeneration.
 W - a ring of resist corrosion
Wands
 o - a wand of roots (68)
 z - a wand of digging (25)
 G - a wand of polymorph (17)
 K - a wand of paralysis (56)
 O - a wand of acid (23)
 Y - a wand of mindburst (31)
Scrolls
 e - 6 scrolls of blinking
 l - 18 scrolls of teleportation
 n - a scroll of silence
 s - 7 scrolls of magic mapping
 B - 13 scrolls of fear
 E - 6 scrolls of poison
 F - 5 scrolls of fog
 N - 11 scrolls of vulnerability
 R - 48 scrolls of identify
Potions
 d - 6 potions of might
 g - 5 potions of berserk rage
 h - 37 potions of curing
 i - 5 potions of haste
 p - 15 potions of flight
 q - 10 potions of heal wounds
 x - 8 potions of brilliance
 D - 5 potions of resistance
 H - 3 potions of invisibility
 M - 6 potions of cancellation
 S - 3 potions of magic


   Skills:
 O Level 27 Fighting
 - Level 20.0 Maces & Flails
 + Level 17.4 Throwing
 - Level 24.7 Armour
 * Level 19.9 Dodging
 - Level 25.3 Shields
 * Level 16.0 Invocations
 - Level 7.4 Evocations


You had 25 spell levels left.
You didn't know any spells.
Your spell library contained the following spells:

 Spells                   Type           Power      Damage    Failure   Level
 Apportation              Tloc           0%         N/A       92%         1
 Freeze                   Ice            0%         1d3       92%         1
 Kiss of Death            Conj/Necr      0%         2d5       92%         1
 Magic Dart               Conj           0%         1d3       92%         1
 Necrotise                Necr           0%         1d4       92%         1
 Sandblast                Erth           0%         2d4       92%         1
 Blink                    Tloc           0%         N/A       98%         2
 Cigotuvi's Dreadful Rot  Necr/Pois/Air  0%         N/A       98%         2
 Ensorcelled Hibernation  Hex/Ice        0%         N/A       98%         2
 Lesser Beckoning         Tloc           0%         N/A       98%         2
 Momentum Strike          Conj/Tloc      0%         3d8       98%         2
 Passwall                 Tmut/Erth      0%         N/A       98%         2
 Poisonous Vapours        Pois/Air       0%         N/A       98%         2
 Searing Ray              Conj           0%         2d4       98%         2
 Static Discharge         Conj/Air       0%         2-2/arc   98%         2
 Frozen Ramparts          Ice            0%         1d1       100%        3
 Gell's Gravitas          Tloc           0%         N/A       100%        3
 Hailstorm                Conj/Ice       0%         3d3       100%        3
 Ignite Poison            Fire/Tmut/Pois 0%         N/A       100%        3
 Inner Flame              Hex/Fire       0%         N/A       100%        3
 Mephitic Cloud           Conj/Pois/Air  0%         N/A       100%        3
 Ozocubu's Armour         Ice            0%         N/A       100%        3
 Portal Projectile        Hex/Tloc       0%         N/A       100%        3
 Spider Form              Tmut/Pois      0%         N/A       100%        3
 Stone Arrow              Conj/Erth      0%         3d7       100%        3
 Swiftness                Air            0%         N/A       100%        3
 Teleport Other           Tloc           0%         N/A       100%        3
 Vampiric Draining        Necr           0%         2d6       100%        3
 Vhi's Electric Charge    Tloc/Air       0%         N/A       100%        3
 Airstrike                Air            0%         2d(0-16)  100%        4
 Anguish                  Hex/Necr       0%         N/A       100%        4
 Cause Fear               Hex            0%         N/A       100%        4
 Flame Wave               Conj/Fire      0%         2d4       100%        4
 Fulminant Prism          Conj/Hex       0%         3d5       100%        4
 Ice Form                 Ice/Tmut       0%         N/A       100%        4
 Manifold Assault         Tloc           0%         N/A       100%        4
 Olgreb's Toxic Radiance  Pois           0%         N/A       100%        4
 Passage of Golubria      Tloc           0%         N/A       100%        4
 Petrify                  Tmut/Erth      0%         N/A       100%        4
 Sticky Flame             Conj/Fire      0%         2d3       100%        4
 Agony                    Necr           0%         N/A       100%        5
 Alistair's Intoxication  Tmut/Pois      0%         N/A       100%        5
 Arcjolt                  Conj/Air       0%         1d10      100%        5
 Blade Hands              Tmut           0%         N/A       100%        5
 Borgnjor's Vile Clutch   Necr/Erth      0%         N/A       100%        5
 Fireball                 Conj/Fire      0%         3d3       100%        5
 Freezing Cloud           Conj/Ice/Air   0%         6-21      100%        5
 Irradiate                Conj/Tmut      0%         3d11      100%        5
 Iskenderun's Battlesphe  Conj           0%         2d6       100%        5
 Metabolic Englaciation   Hex/Ice        0%         N/A       100%        5
 Silence                  Hex/Air        0%         N/A       100%        5
 Yara's Violent Unravell  Hex/Tmut       0%         3d3       100%        5
 Conjure Ball Lightning   Conj/Air       0%         3x3d6     100%        6
 Dispersal                Tloc           0%         N/A       100%        6
 Eringya's Noxious Bog    Tmut/Pois      0%         N/A       100%        6
 Iron Shot                Conj/Erth      0%         9d1       100%        6
 Plasma Beam              Fire/Air       0%         2x1d11    100%        6
 Starburst                Conj/Fire      0%         6d3       100%        6
 Statue Form              Tmut/Erth      0%         N/A       100%        6
 Dragon Form              Tmut           0%         N/A       100%        7
 Orb of Destruction       Conj           0%         9d5       100%        7
 Ozocubu's Refrigeration  Ice            0%         4d7       100%        7
 Borgnjor's Revivificati  Necr           0%         N/A       100%        8
 Discord                  Hex            0%         N/A       100%        8
 Disjunction              Tloc           0%         N/A       100%        8
 Ignition                 Fire           0%         3d3       100%        8
 Lehudib's Crystal Spear  Conj/Erth      0%         10d2      100%        8
 Necromutation            Tmut/Necr      0%         N/A       100%        8
 Death's Door             Necr           0%         N/A       100%        9
 Polar Vortex             Ice            0%         N/A       100%        9
 Summon Small Mammal      Summ           Unusable   N/A       N/A         1
 Call Imp                 Summ           Unusable   N/A       N/A         2
 Tukima's Dance           Hex            Unusable   N/A       N/A         3
 Animate Armour           Summ/Erth      Unusable   N/A       N/A         4
 Animate Dead             Necr           Unusable   N/A       N/A         4
 Summon Ice Beast         Ice/Summ       Unusable   N/A       N/A         4
 Summon Lightning Spire   Summ/Air       Unusable   N/A       N/A         4
 Summon Forest            Summ/Tloc      Unusable   N/A       N/A         5
 Simulacrum               Ice/Necr       Unusable   N/A       N/A         6
 Haunt                    Necr/Summ      Unusable   N/A       N/A         7
 Spellforged Servitor     Conj/Summ      Unusable   N/A       N/A         7
 Dragon's Call            Summ           Unusable   N/A       N/A         9

Dungeon Overview and Level Annotations

Branches:
Dungeon (15/15)            Temple (0/1) D:5            Lair (5/5) D:11
 Shoals (4/4) Lair:2        Snake (4/4) Lair:3        Slime (0/5) Lair:5
    Orc (2/2) D:12            Elf (3/3) Orc:2        Vaults (5/5) D:14
  Crypt (0/3) Vaults:3     Depths (4/4) D:15            Zot (5/5) Depths:4
  IceCv (visited)          WizLab (visited)

Altars:
Dithmenos
Elyvilon
Gozag
Makhleb
Nemelex Xobeh
Okawaru
Qazlal
Ru
Sif Muna
Trog
Uskayaw
Zin
The Shining One
Jiyva

Shops:
D:6 :   D:7 (   Orc:2 ***[   Elf:1 *!   Elf:2 (   Elf:3 :*   Shoals:3 *
Snake:3 =   Vaults:1 =?*!(   Vaults:2 *?   Vaults:3 [!:(   Depths:1 =:=
Depths:4 :

Portals:
Hell: Depths:1 Depths:2 Depths:3 Depths:4
Abyss: Depths:1 Depths:3 Depths:4
Pandemonium: Depths:2
Ziggurat: Depths:2
Trove: D:14 (give 15 scrolls of teleportation)


Innate Abilities, Weirdness & Mutations

You have a pair of horns on your head.
You reflexively headbutt those who attack you in melee.
You are clumsy. (Dex -2)
Your body sometimes deteriorates upon taking damage.
You are frail. (-10% HP)
You are occasionally teleported next to monsters.
You are weak. (Str -2)
Your spells are a little easier to cast, but a little less powerful.


Message History

There is a stone staircase leading down here.
(D) Dungeon (T) Temple (L) Lair (A) Shoals (P) Snake Pit (M) Slime Pits (O) Orcish Mines (E) Elven Halls (V) Vaults (C) Crypt (U) Depths (H) Hell (Z) Zot
Where to? (Enter - D:4, ? - help)
There is an open door here.
There is a stone staircase leading up here.
You climb upwards.
There is a stone staircase leading down here.
(D) Dungeon (T) Temple (L) Lair (A) Shoals (P) Snake Pit (M) Slime Pits (O) Orcish Mines (E) Elven Halls (V) Vaults (C) Crypt (U) Depths (H) Hell (Z) Zot
Where to? (Enter - D:3, ? - help)
There is a stone staircase leading up here.
You climb upwards.
There is a stone staircase leading down here.
(D) Dungeon (T) Temple (L) Lair (A) Shoals (P) Snake Pit (M) Slime Pits (O) Orcish Mines (E) Elven Halls (V) Vaults (C) Crypt (U) Depths (H) Hell (Z) Zot
Where to? (Enter - D:2, ? - help) HP restored.
Your amulet "Nytet" attunes itself to your body as you begin to regenerate more quickly.
There is an open door here.
There is a stone staircase leading up here.
You climb upwards.
There is a stone staircase leading down here.
There is a large open door here.
There is a large open door here.
You open the large door.
There is a large open door here.
There is a large open door here.
There is a large open door here.
There is a large open door here.
There is an open door here.
There is a staircase leading out of the dungeon here.
You can't go down here!
You have escaped!

.''...♣8♣...++..''...#
#.#
.##...~♣~...##.###≈###
#.#
.8#.........#8.#~#≈#
#.# .#♣~.......~♣#.8
♣≈# #.#
.##♣♣.....♣♣##.# #≈#
#.#
'######'######'###≈#
#.#
..8##8#'#8##8...8#≈#
#.#
...+.......'.....#≈#
###.#
..8####8####8...@# #
#...#
####≈#~♣~#≈#######≈#
#.###
≈≈≈≈≈#####≈≈≈≈≈≈≈≈≈#
#.# #...........# #.#
######.####.# #.#
##########.# #.# #.#
.).........#
#.######.#
############
#........# ##########


There were no monsters in sight!

Vanquished Creatures
  The ghost of reasonance the Conqueror, a legendary DsFi of Jiyva (Zot:1)
  Tiamat (Zot:1)
  2 ancient liches (Vaults:5)
  Mennas (Depths:4)
  A dread lich (Zot:5)
  4 orbs of fire
  3 juggernauts
  Sojobo (D:15)
  Boris (Depths:3)
  Parghit (Zot:4)
  Frederick (Vaults:5)
  2 Killer Klowns (Zot:5)
  Vashnia (Snake:4)
  Margery (Vaults:1)
  A curse toe (Zot:5)
  3 caustic shrikes (Depths:3)
  12 golden dragons
  the Enchantress (Depths:1)
  4 electric golems
  Rupert (D:14)
  22 Orb Guardians (Zot:5)
  A walking crystal tome (Depths:1)
  3 walking earthen tomes (Depths:3)
  5 liches
  18 tentacled monstrosities
  6 quicksilver dragons
  11 titans
  3 acid blobs
  2 walking frostbound tomes (Depths:3)
  11 death cobs
  An eldritch tentacle (WizLab)
  2 krakens (Shoals:4)
  Gastronok (Lair:2)
  2 deep elf blademasters
  An ancient champion (Vaults:3)
  Kirke (Lair:3)
  Agnes (Elf:2)
  2 tentacled starspawn (WizLab)
  11 shadow dragons
  11 sphinxes
  11 tengu reavers
  The ghost of Frank the Carver, an adept DsFi of Hepliaklqana (Snake:3)
  25 storm dragons
  10 frost giants
  4 nagarajas
  A revenant (Vaults:3)
  6 deep elf sorcerers (Elf:3)
  15 fire giants
  3 draconian knights
  2 daevas (Depths:2)
  The ghost of seren the Bludgeoner, a journeyman AtFi of the Shining One (Snake:3)
  6 draconian monks
  6 iron dragons
  4 ghost moths
  23 vault wardens
  9 draconian scorchers
  3 deep elf elementalists (Elf:3)
  Aizul (Lair:2)
  2 angels (Vaults:1)
  6 spriggan defenders
  4 draconian annihilators
  2 draconian stormcallers
  20 very ugly things
  19 ironbound preservers
  6 draconian shifters
  19 stone giants
  3 vampire knights
  A quicksilver ooze (shapeshifter) (Vaults:4)
  3 demonspawn black suns (Zot:3)
  6 ironbound thunderhulks
  A war gargoyle (Vaults:4)
  2 deep elf demonologists (Elf:3)
  9 deep elf annihilators
  12 green draconians
  6 yellow draconians
  8 black draconians
  2 minotaurs (D:14)
  15 dire elephants
  5 white draconians
  15 purple draconians
  3 spark wasps (Depths:1)
  12 red draconians
  2 eleionomae (Shoals:4)
  13 ettins
  10 merfolk javelineers
  4 merfolk impalers
  16 fire dragons
  Snorg (D:12)
  Josephine (D:13)
  9 deep elf death magi
  14 yaktaur captains
  An entropy weaver (shapeshifter) (Vaults:5)
  4 deep elf high priests
  2 entropy weavers (Vaults:4)
  3 rakshasas (Depths:1)
  7 salamander tyrants
  3 peacekeepers
  12 ice dragons
  Fannar (D:11)
  32 vault guards
  4 great orbs of eyes
  4 hydras
  6 merfolk aquamancers
  2 alligator snapping turtles (Shoals:4)
  4 boulder beetles
  12 anacondas
  2 catoblepae
  8 spriggan air magi
  11 two-headed ogres
  5 centaur warriors
  9 ironbound frosthearts
  4 merfolk avatars
  4 ogre magi
  32 dancing weapons
  3 satyrs (Shoals:4)
  4 deep troll shamans
  16 naga warriors
  9 deep troll earth magi
  11 death yaks
  3 orc high priests (Orc:2)
  6 shock serpents
  4 tengu warriors
  5 spriggan berserkers
  22 hell knights
  31 deep elf knights
  16 naga sharpshooters
  Nergalle (D:11)
  An iron troll (shapeshifter) (Vaults:5)
  Lodul (D:14)
  5 skysharks
  4 salamander mystics (Snake:4)
  16 sea snakes
  49 deep trolls
  4 glowing orange brains
  A shadow wraith (WizLab)
  A deep troll (shapeshifter) (Vaults:4)
  4 iron trolls
  The ghost of Vorhees the Thaumaturge, a novice FeCj of Gozag (Lair:2)
  A swamp dragon (Zot:1)
  An obsidian statue (WizLab)
  4 lindwurms
  A skeletal warrior (Vaults:3)
  3 flayed ghosts
  2 phantasmal warriors
  11 deep elf archers
  6 naga ritualists
  7 orc knights
  A tengu zombie (Vaults:2)
  10 wizards
  An orange crystal statue (IceCv)
  21 ironbound convokers
  38 deep elf zephyrmancers
  39 deep elf pyromancers
  18 harpies
  Pikel (D:4)
  19 fauns
  3 shining eyes (shapeshifter)
  6 necromancers
  12 mana vipers
  A cyclops (shapeshifter) (D:15)
  6 orc sorcerers
  18 salamanders
  13 manticores
  18 cyclopes
  25 moths of wrath
  55 ugly things
  3 stone giant zombies (D:11)
  4 oklob plants (Lair:3)
  3 worldbinders (WizLab)
  23 naga magi
  A guardian serpent (shapeshifter) (Vaults:5)
  12 merfolk sirens
  33 black mambas
  14 elephants
  2 demonic crawlers (WizLab)
  5 water nymphs
  21 vault sentinels
  4 guardian serpents
  An elf skeleton (Vaults:2)
  A torpor snail (Lair:5)
  9 cane toads
  2 rime drakes
  5 freezing wraiths
  3 komodo dragons
  52 yaktaurs
  6 kobold demonologists
  2 tengu conjurers (Depths:1)
  4 red devils (Elf:1)
  2 human skeletons (WizLab)
  2 wind drakes
  23 merfolk
  A hellwing (WizLab)
  6 trolls
  A tarantella (shapeshifter) (D:14)
  6 blink frogs (WizLab)
  4 hornets
  A polar bear (Lair:5)
  Grinder (D:3)
  2 raiju (WizLab)
  5 snapping turtles
  38 slime creatures
  A slime creature (shapeshifter) (Depths:3)
  2 spriggans
  A centaur simulacrum (D:14)
  A culicivora (Vaults:4)
  2 dire elephant simulacra (IceCv)
  15 water elementals
  4 air elementals
  3 wyverns
  2 vampires
  6 wraiths
  50 yaks
  17 humans
  5 shadows
  3 basilisks (Lair:2)
  8 fire bats (Lair:1)
  5 fire elementals
  4 hogs (Lair:3)
  An elf zombie (Vaults:2)
  3 redbacks (Vaults:4)
  2 steam dragons
  6 vampire mosquitoes
  Grum (D:9)
  6 wargs
  A harpy simulacrum (IceCv)
  5 spatial vortices (WizLab)
  6 acid dragons
  41 nagas
  12 water moccasins
  A floating eye (Depths:4)
  2 hell hounds (WizLab)
  15 orc warriors
  2 alligator simulacra (IceCv)
  3 ice beasts
  2 sky beasts
  3 black bears
  25 wolves
  24 ogres
  6 boggarts
  12 centaurs
  A phantom (D:12)
  3 lemures (D:4)
  4 kobold brigands
  11 bullfrogs
  2 scorpions (D:5)
  A cyclops zombie (D:11)
  A troll zombie (D:12)
  3 lindwurm simulacra (IceCv)
  11 killer bees
  3 electric eels
  2 howler monkeys (D:12)
  2 crimson imps (WizLab)
  3 hounds
  2 gnoll boudas
  3 jellies
  12 orc priests
  3 iguanas
  4 sleepcaps
  14 orc wizards
  5 ogre zombies (D:12)
  18 gnolls
  7 adders
  2 ufetubi (D:6)
  4 worms
  2 dart slugs
  50 orcs
  4 bats (D:2)
  6 endoplasms
  4 giant cockroaches
  6 goblins
  4 hobgoblins
  3 jackals (D:2)
  2 quokkas
  7 ball pythons
  2 frilled lizards (D:2)
  2 goblin skeletons (D:12)
  2 goblin zombies (D:12)
  A hobgoblin skeleton (D:12)
  2 hobgoblin zombies (D:12)
  15 kobolds
  2 orc skeletons (D:12)
  10 orc zombies (D:12)
  7 rats
  A spectral weapon (Zot:1)
  A starspawn tentacle (WizLab)
  7 tentacles (Shoals:4)
2142 creatures vanquished.

Vanquished Creatures (others)
  Nikola (Shoals:1)
  An Executioner (Zot:5)
  A draconian knight (Zot:4)
  A red draconian (Zot:3)
  Sonja (Lair:5)
  2 deep elf knights
  A deep elf zephyrmancer (Elf:1)
  A deep elf pyromancer (Elf:2)
  2 moths of wrath (Zot:3)
  2 wraiths (D:14)
  An orc priest (Vaults:5)
  An orc (Vaults:5)
  A ball lightning (Zot:5)
  A bush (Lair:4)
  13 fungi
  36 plants
  2 starspawn tentacles (WizLab)
  23 tentacles (Shoals:4)
91 creatures vanquished.

Grand Total: 2233 creatures vanquished

Notes
Turn   | Place    | Note
-------+----------+-------------------------------------------
     0 | D:1      | xxadam the Minotaur Fighter began the quest for the Orb.
     0 | D:1      | Reached XP level 1. HP: 19/19 MP: 0/0
   400 | D:1      | Reached XP level 2. HP: 22/27 MP: 1/1
   871 | D:2      | Found an iron altar of Okawaru.
   883 | D:2      | Reached skill level 4 in Fighting
   892 | D:2      | Became a worshipper of Warmaster Okawaru
   895 | D:2      | Reached XP level 3. HP: 33/33 MP: 2/2
  1346 | D:2      | Reached XP level 4. HP: 40/40 MP: 3/3
  1472 | D:3      | Noticed Grinder
  1482 | D:3      | Killed Grinder
  1482 | D:3      | Reached * piety under Okawaru
  1483 | D:3      | Reached skill level 5 in Maces & Flails
  1483 | D:3      | Reached XP level 5. HP: 15/47 MP: 4/4
  1666 | D:3      | Reached XP level 6. HP: 55/55 MP: 5/5
  1945 | D:3      | Found a faded altar of an unknown god.
  2035 | D:3      | Found a shimmering blue altar of Sif Muna.
  2427 | D:4      | Noticed Pikel
  2726 | D:4      | Killed Pikel
  2726 | D:4      | Reached ** piety under Okawaru
  2727 | D:4      | Reached skill level 5 in Fighting
  2727 | D:4      | Reached skill level 5 in Armour
  2727 | D:4      | Reached skill level 5 in Shields
  2727 | D:4      | Reached XP level 7. HP: 59/62 MP: 6/6
  2788 | D:4      | Found a sparkling altar of Nemelex Xobeh.
  3186 | D:5      | Entered Level 5 of the Dungeon
  3270 | D:5      | Found a staircase to the Ecumenical Temple.
  3309 | D:5      | Reached skill level 6 in Fighting
  3544 | D:5      | Reached XP level 8. HP: 67/69 MP: 7/7
  3903 | D:6      | Noticed a hornet
  4006 | D:6      | Found Cedakypp's Self-Improvement Boutique.
  4099 | D:6      | Reached *** piety under Okawaru
  4306 | D:6      | Reached skill level 7 in Fighting
  4444 | D:6      | Found a bloodstained altar of Trog.
  4455 | D:6      | Found an opulent altar of Gozag.
  4464 | D:6      | Found a shadowy altar of Dithmenos.
  4485 | D:6      | Found a hide-covered altar of Uskayaw.
  4560 | D:7      | Found a glowing silver altar of Zin.
  4668 | D:7      | Found Etrob's Antique Weapon Emporium.
  4684 | D:7      | Reached XP level 9. HP: 69/79 MP: 8/8
  5193 | D:8      | Reached **** piety under Okawaru
  5213 | D:8      | Noticed a two-headed ogre
  5227 | D:8      | Killed a two-headed ogre
  5228 | D:8      | Reached skill level 8 in Fighting
  5228 | D:8      | Reached skill level 10 in Maces & Flails
  5870 | D:8      | Paralysed by a hornet for 3 turns
  6400 | D:6      | Reached XP level 10. HP: 90/90 MP: 9/9
  6485 | D:7      | Reached ***** piety under Okawaru
  6557 | D:9      | Noticed an orange demon
  6591 | D:9      | Noticed Grum
  6592 | D:9      | Noticed a sixfirhy
  6703 | D:8      | Reached skill level 9 in Fighting
  6953 | D:8      | Identified a scroll of acquirement
  6953 | D:8      | Acquired the ring "Aliqecue" {Will+ MP+9 Dex+6}
  7068 | D:9      | Noticed a sun demon
  7317 | D:9      | Identified the +2 robe of Cowardice {+Blink} (Okawaru
                  | gifted it to you on level 9 of the Dungeon)
  7317 | D:9      | Received a gift from Okawaru
  7677 | D:9      | Killed Grum
  7908 | D:9      | Found a sacrificial altar of Ru.
  8048 | D:9      | Found a white marble altar of Elyvilon.
  8347 | D:10     | Entered Level 10 of the Dungeon
  8353 | D:10     | Reached XP level 11. HP: 94/99 MP: 10/10
  8417 | D:9      | Reached skill level 10 in Fighting
  8580 | D:10     | Reached skill level 10 in Shields
  8586 | D:10     | Reached skill level 10 in Armour
  9528 | D:11     | Noticed Nergalle
  9539 | D:11     | Killed Nergalle
  9592 | D:11     | Noticed a two-headed ogre
  9592 | D:11     | Noticed a two-headed ogre
  9603 | D:11     | Killed a two-headed ogre
  9609 | D:11     | Killed a two-headed ogre
  9678 | D:11     | Found a staircase to the Lair.
  9692 | D:11     | Received a gift from Okawaru
  9692 | D:11     | Reached ****** piety under Okawaru
  9693 | D:11     | Reached skill level 11 in Fighting
  9867 | D:11     | Identified the staff of cold "Seboec" {*Slow rF+ rC+ Dex+6}
 10124 | D:11     | Noticed Fannar
 10155 | D:11     | Killed Fannar
 10156 | D:11     | Reached XP level 12. HP: 21/110 MP: 11/11
 11139 | D:11     | Reached skill level 12 in Fighting
 11224 | D:11     | Noticed an ettin
 11224 | D:11     | Noticed an ettin
 11256 | D:11     | Reached skill level 15 in Maces & Flails
 11267 | D:11     | Killed an ettin
 11268 | D:11     | Noticed a stone giant
 11273 | D:11     | Killed an ettin
 11273 | D:11     | Received a gift from Okawaru
 11716 | Lair:1   | Entered Level 1 of the Lair of Beasts
 11915 | Lair:1   | Received a gift from Okawaru
 11917 | Lair:1   | Reached XP level 13. HP: 107/119 MP: 12/12
 12656 | Lair:2   | Reached skill level 13 in Fighting
 12710 | Lair:2   | Noticed Gastronok
 12743 | Lair:2   | Killed Gastronok
 12983 | Lair:2   | Found a large runed translucent door.
 12984 | Lair:2   | Found a large runed translucent door.
 12985 | Lair:2   | Noticed Vorhees's ghost (novice FeCj)
 13441 | Lair:2   | Found a staircase to the Shoals.
 13654 | Lair:2   | Found a runed translucent door.
 14285 | Lair:3   | Noticed Kirke
 14315 | Lair:3   | Killed Kirke
 14417 | Lair:3   | Found a staircase to the Snake Pit.
 14512 | Lair:3   | Identified the +1 leather armour of Relativism {Fly rC++}
 15205 | Lair:4   | Identified the +0 great mace of Orb {drain, *Slow Fragile
                  | rElec Will+++} (Okawaru gifted it to you on level 4 of the
                  | Lair of Beasts)
 15205 | Lair:4   | Received a gift from Okawaru
 15961 | Lair:4   | Reached skill level 14 in Fighting
 16177 | Lair:5   | Entered Level 5 of the Lair of Beasts
 16649 | Lair:5   | Found a viscous altar of Jiyva.
 16651 | Lair:5   | Found a staircase to the Slime Pits.
 16739 | Lair:5   | Identified the +1 kite shield of the Disbelieving Gods
                  | {*Corrode rN+ Int+2 Stlth+} (Okawaru gifted it to you on
                  | level 5 of the Lair of Beasts)
 16739 | Lair:5   | Received a gift from Okawaru
 17304 | Lair:5   | Reached skill level 15 in Fighting
 17304 | Lair:5   | Reached XP level 14. HP: 126/135 MP: 13/13
 17328 | Lair:5   | Noticed Sonja
 17333 | Lair:5   | Killed Sonja
 18574 | D:11     | Reached skill level 15 in Shields
 18914 | D:11     | Killed a stone giant
 18948 | D:11     | Found the +7 mace of Variability {chaos, chaos arc}
 19056 | D:11     | Reached skill level 16 in Fighting
 19056 | D:11     | Reached skill level 15 in Armour
 19219 | D:12     | Found a staircase to the Orcish Mines.
 19666 | D:12     | Noticed Snorg
 19677 | D:12     | Killed Snorg
 20248 | Orc:1    | Entered Level 1 of the Orcish Mines
 20300 | Orc:2    | Entered Level 2 of the Orcish Mines
 20440 | Orc:1    | Received a gift from Okawaru
 21006 | Orc:2    | Found a staircase to the Elven Halls.
 21822 | Orc:2    | Reached skill level 17 in Fighting
 21974 | Orc:2    | Found Hoinwughixt's Armour Emporium.
 21974 | Orc:2    | Found Guerhe's General Store.
 21976 | Orc:2    | Found Sororav's General Store.
 21976 | Orc:2    | Found Teyl's General Store.
 22340 | D:13     | Found a stormy altar of Qazlal.
 22842 | D:14     | Noticed Lodul
 22863 | D:14     | Killed Lodul
 22864 | D:14     | Reached XP level 15. HP: 105/147 MP: 14/14
 22998 | D:14     | Noticed Rupert
 22998 | D:14     | Found a gate to the Vaults.
 23016 | D:14     | Killed Rupert
 23016 | D:14     | Received a gift from Okawaru
 23581 | D:14     | Reached skill level 18 in Fighting
 23855 | D:14     | Noticed Josephine
 23862 | D:13     | Killed Josephine
 24061 | D:14     | Identified the +8 eveningstar "Olex Xia" {venom, Drain
                  | Will+ rCorr Stlth+} (Okawaru gifted it to you on level 14
                  | of the Dungeon)
 24061 | D:14     | Received a gift from Okawaru
 24145 | D:14     | Found a portal to a secret trove of treasure.
 24744 | D:14     | Identified the staff of fire "Faag Qal" {rF+ Will+}
 24943 | D:14     | Found a glowing silver altar of Zin.
 24944 | D:14     | Found a white marble altar of Elyvilon.
 24945 | D:14     | Found a glowing golden altar of the Shining One.
 25314 | D:15     | Entered Level 15 of the Dungeon
 25314 | D:15     | Found a burning altar of Makhleb.
 25382 | D:15     | Reached skill level 19 in Fighting
 25559 | D:15     | Reached XP level 16. HP: 161/161 MP: 15/15
 25977 | D:15     | Received a gift from Okawaru
 26189 | D:15     | Found a staircase to the Depths.
 26294 | D:15     | Found a stormy altar of Qazlal.
 26569 | Shoals:1 | Entered Level 1 of the Shoals
 26569 | Shoals:1 | Noticed Aizul
 26605 | Lair:2   | Killed Aizul
 26861 | Shoals:1 | Reached skill level 20 in Fighting
 27112 | Shoals:1 | Identified the +1 flail of Okawaru {flame, Fly Will+ Int+3}
                  | (Okawaru gifted it to you on level 1 of the Shoals)
 27112 | Shoals:1 | Received a gift from Okawaru
 27339 | Shoals:1 | Noticed Nikola
 27367 | Shoals:1 | Killed Nikola
 27738 | Shoals:1 | Reached XP level 17. HP: 171/171 MP: 16/16
 28339 | Shoals:2 | Identified the +0 pair of gloves "Zuadwy" {rF++} (Okawaru
                  | gifted it to you on level 2 of the Shoals)
 28339 | Shoals:2 | Received a gift from Okawaru
 29527 | Shoals:3 | Reached skill level 21 in Fighting
 29986 | Shoals:3 | Reached skill level 1 in Throwing
 30061 | Shoals:3 | Found Qafrib's Assorted Antiques.
 30516 | Shoals:4 | Entered Level 4 of the Shoals
 30865 | Shoals:4 | Identified the +0 leather armour of Dawn {Rampage rC-
                  | Slay+5 Stlth+}
 30954 | Shoals:4 | Noticed a kraken
 31403 | Shoals:4 | Identified the amulet "Nytet" {rElec rF+ Regen+ Str+3}
 31972 | Shoals:4 | Received a gift from Okawaru
 32164 | Shoals:4 | Reached skill level 5 in Throwing
 32234 | Shoals:4 | Identified the +1 ring mail of Circular Logic {Rampage
                  | +Blink rC+ Str+3} (Okawaru gifted it to you on level 4 of
                  | the Shoals)
 32234 | Shoals:4 | Received a gift from Okawaru
 32277 | Shoals:4 | Noticed a kraken
 32581 | Shoals:4 | Killed a kraken
 32592 | Shoals:4 | Got a barnacled rune of Zot
 32666 | Shoals:4 | Killed a kraken
 32812 | Shoals:4 | Reached XP level 18. HP: 170/182 MP: 17/17
 32969 | Shoals:4 | Identified the staff of conjuration "Xokhlinli" {rN+ Dex+2}
 33347 | Snake:1  | Entered Level 1 of the Snake Pit
 35430 | Snake:2  | Reached skill level 22 in Fighting
 35435 | Snake:2  | Identified the +0 demon whip "Ravigeups" {freeze, Int+2}
                  | (Okawaru gifted it to you on level 2 of the Snake Pit)
 35435 | Snake:2  | Received a gift from Okawaru
 36200 | Snake:3  | Found a frozen archway.
 36239 | IceCv    | Entered an ice cave
 36270 | IceCv    | Found a transporter.
 36282 | IceCv    | Found a transporter.
 36378 | IceCv    | Identified the +0 cloak "Vebbulig" {rElec rPois Dex+3}
 36616 | Snake:3  | Reached skill level 1 in Invocations
 36904 | Snake:3  | Identified the +0 pair of gloves "Vanus" {rPois Will+
                  | Dex+7} (Okawaru gifted it to you on level 3 of the Snake
                  | Pit)
 36904 | Snake:3  | Received a gift from Okawaru
 36925 | Snake:3  | Found Lexext's Jewellery Shop.
 36932 | Snake:3  | Bought the ring "Zeitiah" {rElec rPois Str+6 Dex+6} for
                  | 1068 gold pieces
 37122 | Snake:3  | Found a runed translucent gate.
 37124 | Snake:3  | Found a runed translucent gate.
 37125 | Snake:3  | Found a runed translucent gate.
 37126 | Snake:3  | Noticed Frank's ghost (adept DsFi)
 37126 | Snake:3  | Noticed seren's ghost (journeyman AtFi)
 37582 | Lair:2   | Killed Vorhees's ghost
 37894 | Snake:4  | Entered Level 4 of the Snake Pit
 38267 | Snake:4  | Reached skill level 5 in Invocations
 38267 | Snake:4  | Reached XP level 19. HP: 193/193 MP: 21/21
 38650 | Snake:4  | Reached skill level 10 in Throwing
 38822 | Snake:4  | Noticed Vashnia
 38857 | Snake:4  | Killed Vashnia
 38922 | Snake:4  | Received a gift from Okawaru
 39415 | Snake:4  | Got a serpentine rune of Zot
 39658 | Snake:3  | Killed Frank's ghost
 39667 | Snake:3  | Killed seren's ghost
 39919 | Vaults:1 | Entered Level 1 of the Vaults
 40179 | Vaults:1 | Reached skill level 23 in Fighting
 40389 | Vaults:1 | Identified the ring of Isypn {*Slow rC+ Will+ Int+4}
 40961 | Vaults:1 | Found Urosudo's Weapon Shoppe.
 41030 | Vaults:1 | Identified the +2 pair of gloves "Giucur" {rElec rC- Str+3
                  | Int+3} (Okawaru gifted it to you on level 1 of the Vaults)
 41030 | Vaults:1 | Received a gift from Okawaru
 41040 | Vaults:1 | Found Moxzyz's Distillery.
 41213 | Vaults:1 | Found a glowing golden altar of the Shining One.
 41214 | Vaults:1 | Found a white marble altar of Elyvilon.
 41216 | Vaults:1 | Found a glowing silver altar of Zin.
 41600 | Vaults:1 | Found Kitystru's Jewellery Shop.
 41601 | Vaults:1 | Found Saeduityto's Magic Scroll Shop.
 41623 | Vaults:1 | Bought a scroll of enchant armour for 127 gold pieces
 41801 | Vaults:1 | Found Caokex's Assorted Antiques.
 42395 | Vaults:2 | Reached skill level 24 in Fighting
 42424 | Vaults:2 | Noticed Margery
 43089 | Vaults:2 | Found Rubbyas's Magic Scroll Boutique.
 43092 | Vaults:2 | Bought a scroll of enchant armour for 97 gold pieces
 43234 | Vaults:2 | Reached XP level 20. HP: 207/207 MP: 24/24
 43442 | Vaults:1 | Bought a ring of see invisible for 240 gold pieces
 43828 | Vaults:1 | Killed Margery
 44131 | Vaults:2 | Identified the +8 shortbow of Benevolence {speed, rPois}
 44187 | Vaults:2 | Found Waseok's Assorted Antiques.
 44376 | Vaults:2 | Reached skill level 25 in Fighting
 44625 | Vaults:3 | Received a gift from Okawaru
 44836 | Vaults:3 | Found a staircase to the Crypt.
 45179 | Vaults:3 | Identified the +8 arbalest of Lies {elec, Fragile rCorr
                  | Int+5 SInv}
 45185 | Vaults:3 | Found Pekonnan's Antique Armour Emporium.
 45188 | Vaults:3 | Found Naqal's Distillery.
 45196 | Vaults:3 | Bought a potion of heal wounds for 80 gold pieces
 45468 | Vaults:3 | Found Giytes's Book Boutique.
 45489 | Vaults:3 | Found Foucues's Weapon Shoppe.
 45541 | Vaults:3 | Received a gift from Okawaru
 45798 | Vaults:3 | Reached skill level 26 in Fighting
 45908 | Vaults:3 | Received a gift from Okawaru
 46027 | Vaults:3 | Found Giytes's Book Boutique.
 46045 | Vaults:3 | Found Foucues's Weapon Shoppe.
 46304 | Vaults:3 | Found Pekonnan's Antique Armour Emporium.
 46310 | Vaults:3 | Found Naqal's Distillery.
 46428 | Vaults:3 | Found a staircase to the Crypt.
 47404 | Vaults:4 | Reached XP level 21. HP: 222/222 MP: 25/25
 47754 | Vaults:4 | Identified the +7 plate armour "Fuci Eps" {Harm Str+2}
                  | (Okawaru gifted it to you on level 4 of the Vaults)
 47754 | Vaults:4 | Received a gift from Okawaru
 47906 | Vaults:4 | Reached skill level 15 in Throwing
 48418 | Vaults:5 | Entered Level 5 of the Vaults
 48419 | Vaults:5 | Noticed a golden dragon
 48640 | Vaults:4 | Killed a golden dragon
 48911 | Vaults:5 | Noticed a golden dragon
 48941 | Vaults:4 | Killed a golden dragon
 49637 | Vaults:4 | Reached skill level 27 in Fighting
 50730 | Vaults:4 | Received a gift from Okawaru
 51191 | Vaults:5 | Received a gift from Okawaru
 51192 | Vaults:5 | Identified the +8 mace of Disintegration {freeze, rN++
                  | Str-5}
 51271 | Vaults:5 | Noticed Frederick
 51279 | Vaults:5 | Killed Frederick
 51416 | Vaults:5 | Reached XP level 22. HP: 131/233 MP: 26/26
 51419 | Vaults:5 | Noticed an ancient lich
 51437 | Vaults:5 | Killed an ancient lich
 51856 | Vaults:5 | Noticed an ancient lich
 51875 | Vaults:5 | Killed an ancient lich
 51935 | Vaults:5 | Identified the +3 sling of Kemm {speed, Dex+3}
 51935 | Vaults:5 | Identified the +1 glaive of Ybaafunn {venom, Int+3}
 51985 | Vaults:5 | Identified the +2 leather armour of Buameof {+Inv rN+ rCorr
                  | Str+4}
 51985 | Vaults:5 | Identified the amulet "Nougy" {Reflect Int+4 SH+5}
 52056 | Vaults:5 | Identified the +6 fire dragon scales of Pimuy {Rampage rF++
                  | rC- Str+3}
 52475 | Vaults:5 | Identified the +5 plate armour of the Beekeeper {Dex+3
                  | Slay+2}
 52502 | Vaults:5 | Identified the +1 pair of gloves of Servitude {Dex+3}
 52521 | Vaults:5 | Identified the +5 dagger "Ugykequs" {venom, *Rage rN++
                  | Will+ Stlth+}
 52536 | Vaults:5 | Got a silver rune of Zot
 53415 | Elf:1    | Entered Level 1 of the Elven Halls
 53513 | Elf:1    | Identified the scarf "Nafuym" {rC+ rF+, Str+6 Stlth+}
                  | (Okawaru gifted it to you on level 1 of the Elven Halls)
 53513 | Elf:1    | Received a gift from Okawaru
 53777 | Elf:1    | Reached skill level 1 in Evocations
 53797 | Elf:1    | Paralysed by an air elemental for 1 turns
 53905 | Elf:1    | Identified the +2 chain mail "Lookko Pupni" {rC+ Str+6
                  | Dex-4}
 54105 | Elf:1    | Found Ceets's Distillery.
 54164 | Elf:1    | Found Fofamuh's Assorted Antiques.
 54172 | Elf:1    | Bought a potion of heal wounds for 100 gold pieces
 54211 | Elf:1    | Bought a potion of heal wounds for 85 gold pieces
 54938 | Elf:2    | Found Vudghaesy's Weapon Emporium.
 55064 | Elf:2    | Found a runed translucent gate.
 55065 | Elf:2    | Found a runed translucent gate.
 55065 | Elf:2    | Found a runed translucent gate.
 55169 | Elf:2    | Noticed Agnes
 55174 | Elf:2    | Killed Agnes
 55346 | Elf:2    | Identified the +9 mace of Kostreur {speed, Will+} (Okawaru
                  | gifted it to you on level 2 of the Elven Halls)
 55346 | Elf:2    | Received a gift from Okawaru
 55753 | Elf:3    | Entered Level 3 of the Elven Halls
 55820 | Elf:3    | Paralysed by an air elemental for 1 turns
 55856 | Elf:3    | Found Hyrr's Neck Hole.
 55866 | Elf:3    | Found Dyvit's Book Shoppe.
 55871 | Elf:3    | Found a magical portal.
 55882 | WizLab   | Entered The Roulette of Golubria
 55882 | WizLab   | Found a transporter.
 55889 | WizLab   | Found a corrupted altar of Lugonu.
 55915 | WizLab   | Found a transporter.
 55982 | WizLab   | Found a transporter.
 55993 | WizLab   | Found a transporter.
 56021 | WizLab   | Found a transporter.
 56044 | WizLab   | Found a transporter.
 56084 | WizLab   | Found a transporter.
 56084 | WizLab   | Found a transporter.
 56085 | WizLab   | Got Golubria's Parchment of Orientation
 56153 | WizLab   | Found a transporter.
 56204 | WizLab   | Found a transporter.
 56230 | WizLab   | Found a transporter.
 56313 | WizLab   | Found a transporter.
 56313 | WizLab   | Found a transporter.
 56336 | WizLab   | Found a corrupted altar of Lugonu.
 56342 | WizLab   | Found a transporter.
 56342 | WizLab   | Found a transporter.
 56356 | WizLab   | Reached XP level 23. HP: 240/240 MP: 28/28
 56410 | WizLab   | Found a transporter.
 56410 | WizLab   | Found a transporter.
 56467 | WizLab   | Found a transporter.
 56621 | WizLab   | Identified the +2 cloak of Kleptomania {rN+++ MP+9 Int-5
                  | Stlth+}
 56633 | WizLab   | Identified the +2 cloak of Yredelemnul's Regard {Stlth+}
 56682 | WizLab   | Found a transporter.
 56682 | WizLab   | Found a transporter.
 57526 | Elf:2    | Reached skill level 5 in Evocations
 57980 | Elf:3    | Received a gift from Okawaru
 58396 | Elf:3    | Identified the +5 halberd of Tosk {antimagic, rElec rF+
                  | rN+}
 58396 | Elf:3    | Identified the ring "Ucefub" {Drain rElec EV+5 Str+7}
 58468 | Elf:3    | Identified the ring "Voom" {Will+ Int+3}
 58472 | Elf:3    | Received a gift from Okawaru
 59017 | Elf:3    | Received a gift from Okawaru
 59336 | Elf:3    | Got the Octavo of Sciomancy
 59381 | Elf:3    | Identified the +7 chain mail of Shadows and Fog {Regen+}
 59850 | Depths:1 | Entered Level 1 of the Depths
 59880 | Depths:1 | Noticed Sojobo
 60024 | D:15     | Paralysed by an air elemental for 1 turns
 60028 | D:15     | Killed Sojobo
 60028 | D:15     | Received a gift from Okawaru
 60272 | Depths:1 | Found a one-way gate to the infinite horrors of the Abyss.
 60509 | Depths:1 | Reached skill level 10 in Invocations
 60530 | Depths:1 | Found a gateway to Hell.
 60547 | Depths:1 | Reached skill level 1 in Dodging
 60785 | Depths:1 | Identified the +7 plate armour "Pysucvy" {Int+2}
 60871 | Depths:1 | Found Mungiorgh's Jewellery Shop.
 60872 | Depths:1 | Found Setaban's Book Shoppe.
 60873 | Depths:1 | Found Sutirgha's Jewellery Shop.
 60888 | Depths:1 | Bought the amulet of Keufoal {Reflect Dex+4 SH+5} for 681
                  | gold pieces
 61245 | Depths:1 | Noticed a juggernaut
 61254 | Depths:1 | Killed a juggernaut
 61254 | Depths:1 | Received a gift from Okawaru
 61261 | Depths:1 | Noticed the Enchantress
 61262 | Depths:1 | Identified the +5 falchion "Gurrunn" {freeze, rC+}
 61279 | Depths:1 | Killed the Enchantress
 61285 | Depths:1 | Reached skill level 5 in Dodging
 61402 | Depths:1 | Noticed a juggernaut
 61429 | Depths:1 | Killed a juggernaut
 61455 | Depths:1 | Identified the amulet of Jirgh {Acrobat rPois Will- rCorr
                  | Slay+4}
 61945 | Depths:2 | Reached XP level 24. HP: 249/249 MP: 29/29
 62140 | Depths:2 | Found a one-way gateway to a ziggurat.
 62212 | Depths:2 | Found a one-way gate leading to the halls of Pandemonium.
 62968 | Depths:2 | Identified the +10 trident "Ulanunt" {elec, Int-2 Dex+6
                  | SInv}
 63568 | Depths:3 | Identified the +0 leather armour of Feytur {Dex+3}
 64119 | Depths:3 | Noticed Boris
 64126 | Depths:3 | Killed Boris
 64497 | Depths:3 | Received a gift from Okawaru
 64917 | Depths:3 | Received a gift from Okawaru
 64976 | Depths:3 | Reached skill level 10 in Dodging
 65331 | Depths:3 | Noticed a juggernaut
 65338 | Depths:3 | Killed a juggernaut
 65505 | Depths:4 | Entered Level 4 of the Depths
 65516 | Depths:4 | Received a gift from Okawaru
 65551 | Depths:4 | Noticed Mennas
 65582 | Depths:4 | Killed Mennas
 66462 | Depths:4 | Found an opulent altar of Gozag.
 66523 | Depths:4 | Found an opulent altar of Gozag.
 66526 | Depths:4 | Found an opulent altar of Gozag.
 66590 | Depths:4 | Found an opulent altar of Gozag.
 66776 | Depths:4 | Found Famiutun's Tiny Tomes.
 66974 | Depths:4 | Received a gift from Okawaru
 67019 | Depths:4 | Found a gate to the Realm of Zot.
 67747 | Zot:1    | Entered Level 1 of the Realm of Zot
 67758 | Zot:1    | Found a runed translucent gate.
 67758 | Zot:1    | Found a runed translucent gate.
 67758 | Zot:1    | Found a runed translucent gate.
 67758 | Zot:1    | Noticed reasonance's ghost (legendary DsFi)
 67853 | Zot:1    | Reached XP level 25. HP: 257/257 MP: 31/31
 67971 | Zot:1    | Received a gift from Okawaru
 68355 | Zot:1    | Received a gift from Okawaru
 68383 | Zot:1    | Found the +4 dragonskin cloak
 68383 | Zot:1    | Noticed Tiamat
 68433 | Zot:1    | Killed Tiamat
 68547 | Zot:1    | Received a gift from Okawaru
 68583 | Zot:1    | Identified the +5 sling "Dyiming" {freeze, rElec rF- Int+3}
 68584 | Zot:1    | Identified the staff of death "Celext" {rN+ Int+3}
 68856 | Zot:1    | Identified the amulet of Vuapeen {RegenMP Drain Int+4
                  | Stlth+}
 68933 | Zot:1    | Identified the +7 whip of Lemer {venom, Dex+3}
 69141 | Zot:1    | Received a gift from Okawaru
 69609 | Zot:1    | Killed reasonance's ghost
 69610 | Zot:1    | Reached skill level 15 in Dodging
 69737 | Zot:2    | Noticed an orb of fire
 69741 | Zot:2    | Gained mutation: You are dopey. (Int -2) [an orb of fire]
 69749 | Zot:2    | Noticed a Killer Klown
 69803 | Zot:2    | Gained mutation: Your body sometimes deteriorates upon
                  | taking damage. [an orb of fire]
 69814 | Zot:1    | a Killer Klown changed into an acid blob
 69818 | Zot:1    | Killed an orb of fire
 70558 | Zot:2    | Received a gift from Okawaru
 70706 | Zot:2    | Identified the +0 kite shield of the Baleful Kangaroo {rN+}
                  | (Okawaru gifted it to you on level 2 of the Realm of Zot)
 70706 | Zot:2    | Received a gift from Okawaru
 71135 | Zot:2    | Identified the ring "Mumoelue" {*Corrode rF+ Dex+7}
 71366 | Zot:2    | Identified the +1 chain mail of the Tortured God {rElec}
 71453 | Zot:2    | Acquired a manual of Maces & Flails
 71653 | Zot:3    | Reached XP level 26. HP: 265/266 MP: 31/31
 72268 | Zot:3    | Identified the staff of cold "Pefacz Duox" {rPois rC+ rN++
                  | Int-5}
 72428 | Zot:3    | Noticed an orb of fire
 72438 | Zot:3    | Gained mutation: You are frail. (-10% HP) [an orb of fire]
 72447 | Zot:3    | Gained mutation: You are weak. (Str -2) [an orb of fire]
 72459 | Zot:3    | Killed an orb of fire
 72459 | Zot:3    | Identified the +2 pair of gloves "Efippe" {rElec Dex+7}
                  | (Okawaru gifted it to you on level 3 of the Realm of Zot)
 72459 | Zot:3    | Received a gift from Okawaru
 72933 | Zot:3    | Identified the +6 hand axe of the Desolation of Salt
                  | {drain, *Rage rPois SInv Stlth+}
 72934 | Zot:3    | Got the Grimoire of The Black Sun
 73084 | Zot:3    | Identified the +6 short sword of the Toadstool {flame,
                  | Int+3}
 73319 | Zot:4    | Noticed Parghit
 73638 | Zot:4    | Killed Parghit
 74314 | Zot:5    | Entered Level 5 of the Realm of Zot
 75048 | Zot:5    | Reached skill level 15 in Invocations
 75995 | Zot:5    | Noticed an orb of fire
 76012 | Zot:5    | Noticed a dread lich
 76022 | Zot:5    | Killed a dread lich
 76039 | Zot:5    | Gained mutation: You are clumsy. (Dex -2) [an orb of fire]
 76056 | Zot:5    | Killed an orb of fire
 76136 | Zot:5    | Noticed an orb of fire
 76138 | Zot:5    | Lost mutation: You are dopey. (Int -2) [an orb of fire]
 76141 | Zot:5    | Gained mutation: Your spells are a little easier to cast,
                  | but a little less powerful. [an orb of fire]
 76157 | Zot:5    | Gained mutation: You are occasionally teleported next to
                  | monsters. [an orb of fire]
 76162 | Zot:5    | Killed an orb of fire
 76352 | Zot:5    | Got the Orb of Zot
 76356 | Zot:5    | Noticed an ancient lich
 76365 | Zot:5    | Noticed Ruroexyv the pandemonium lord
 76455 | Zot:1    | Noticed Ygi Ofe the pandemonium lord
 76659 | Depths:1 | Received a gift from Okawaru
 76668 | D:15     | Noticed Socaubeb the pandemonium lord
 77035 | D:$      | Escaped with the Orb!

Illustrated notes

Levels and vault maps discovered:
D:1:      saegor_arrival_fortress, layout_loops_ring
D:2:      layout_rooms, basic_altar, grunt_ministairs_7, minmay_mini_jars
D:3:      layout_basic, mainiacjoe_overflow_tiny_flanked,
          shapermc_ecumenical_altar_mp_vishouse, uniq_jessica, uniq_grinder
D:4:      layout_basic, mainiacjoe_overflow_surrounded_room, uniq_pikel
D:5:      layout_basic, minmay_temple_entry_waves
D:6:      minmay_polygon_palace, layout_rooms,
          nicolae_overflow_quartered_altars, nicolae_shop_self_help
D:7:      layout_gridville, mainiacjoe_overflow_boulevard, nicolae_stop_n_shop_1
D:8:      layout_loops_ring
D:9:      layout_loops_cross, mainiacjoe_overflow_catwalk,
          mainiacjoe_overflow_alcove_2, nicolae_sextant, uniq_grum
D:10:     layout_rooms
D:11:     giant_chief_lemuel, layout_rooms, erik_lair_orcish_takeover,
          uniq_nergalle, uniq_fannar
D:12:     layout_small_grid, zombieorc1_lemuel, uniq_snorg
D:13:     layout_roguey, nicolae_qazlal_general_emergency
D:14:     fort_yaktaur, layout_rooms, david_vaults_3,
          nicolae_trove_entry_crystal, good_gods_temple_1, bh_walls_and_bars,
          uniq_josephine, uniq_lodul
D:15:     grunt_enter_depths_snipers, layout_basic, lemuel_crystal_altar,
          bloody_makhleb
Lair:1:   layout_cave_pods, nicolae_lair_lil_pond, amcnicky_mini_pool_medium,
          lemuel_fruit_tree, infiniplex_staircase_pool
Lair:2:   layout_concentric_octagons, minmay_shoals_entry_hut,
          ebering_ghost_disaster_area, pdpol_lair_cabin_in_the_woods,
          uniq_gastronok
Lair:3:   layout_roguey, nicolae_snake_entry_squirm, dpeg_oklob_1,
          grunt_megastairs_5, uniq_kirke
Lair:4:   layout_cave_pods
Lair:5:   grunt_lair_end_beastmaster, layout_cave_pods, dpeg_slime_entry_corner,
          uniq_sonja
Shoals:1: layout_shoals, uniq_aizul, uniq_nikola
Shoals:2: layout_shoals
Shoals:3: layout_shoals, serial_shops, nicolae_shop_window_shopping
Shoals:4: shoals_end_hangedman, layout_shoals, nicolae_shoals_enchanted_isle
Snake:1:  layout_misc_corridors
Snake:2:  layout_gridlike, drop_trap, hangedman_snake_thin_pillar_pass
Snake:3:  layout_grid_maze, gammafunk_ghost_cemetery,
          portal_ice_cave_entry_pillars_four, serial_shops, shop
Snake:4:  snake_pit, layout_misc_corridors, uniq_vashnia
Orc:1:    layout_caves
Orc:2:    grunt_orc_tribal_feast, layout_diamond_mine, mines1_david
Elf:1:    minmay_elf_arrival_circle, layout_gridlike, serial_shops,
          nicolae_shop_window_shopping, nicolae_shop_window_shopping,
          hangedman_elven_crosses_minicolossus,
          einodemon_armed_red_devil_minivault
Elf:2:    nicolae_elf_blades_crystal_corner, layout_rooms, serial_shops, shop,
          uniq_agnes
Elf:3:    minmay_elf_hall_dome, layout_geoelf_octagon,
          infiniplex_enter_wizlab_water, serial_shops, shop,
          nicolae_shop_sticking_my_neck_out
Vaults:1: portal_desolation_entry_holy_temple,
          nicolae_vaults_trapezoid_lopsided_3, nicolae_vaults_disjoint_gnomons,
          v_misc_13, nicolae_vaults_wine_cellar, nicolae_vaults_mush_room,
          vaults_room_door_ring, nicolae_vaults_doubleplus_tesselated,
          vaults_standard_mumra_enter_the_diamond, nicolae_vaults_diamond_1,
          layout_vaults_omnigrid, serial_shops, shop,
          nicolae_shop_rolling_square, nicolae_shop_waterfront,
          nicolae_shop_waterfront, shop
Vaults:2: ontoclasm_vaults_spin, hangedman_vaults_locks,
          nicolae_vaults_tetromino_T_2, nicolae_vaults_weapon_check,
          grunt_vaults_diagonal, nicolae_vaults_ring_of_whatevers,
          hangedman_vaults_snaps, nicolae_vaults_trapezoid_lopsided_2,
          nicolae_vaults_door_testing_chamber, v_rooms_6,
          nicolae_vaults_trapezoid_lopsided_3, vaults_dpeg_doors, v_misc_13,
          layout_vaults_maze, serial_shops, nicolae_shop_trees,
          nicolae_shop_behind_doors, uniq_margery
Vaults:3: vaults_room_corners, nicolae_vaults_know_your_exits,
          minmay_crypt_entry_simple_statues, ontoclasm_vaults_chip,
          nicolae_vaults_sightless_eye, hangedman_vaults_nodes,
          hangedman_vaults_trim, hangedman_vaults_stretched_pinwheel,
          nicolae_vaults_tetromino_L_1, layout_vaults_ring, serial_shops,
          nicolae_shop_temple_entry_statues_fountains, shop, shop,
          nicolae_shop_crystal
Vaults:4: nicolae_vaults_rhombus_6, nicolae_vaults_bisected_exclaves,
          vaults_mumra_minichess, v_rooms_1, nicolae_vaults_diagonal_hallway_8,
          nicolae_vaults_network_star, ontoclasm_vaults_fault,
          hangedman_vaults_stagger, nicolae_vaults_rhombus_5,
          nicolae_vaults_six-pack, nicolae_vaults_little_squares_6,
          layout_vaults_omnibox
Vaults:5: uniq_frederick
Depths:1: minmay_connected_boxes_in_corner, layout_small_grid, abyss_entry,
          minmay_misc_feat_encased, hell_entry, minmay_multi_spiral,
          minmay_shop_grove, uniq_enchantress, uniq_sojobo
Depths:2: abrahamwl_protected_by_tso_1, layout_gridlike, enter_ziggurat_f,
          grunt_hell_entry_dis_old, pan_entry, infiniplex_staircase_door_maze
Depths:3: evilmike_pillar_path, layout_basic, grunt_metal_band, abyss_entry,
          grunt_decor_mini_mirrors, minmay_swirly_circle, uniq_josephina,
          uniq_grunn, uniq_boris
Depths:4: evilmike_zot_entry_hall, layout_basic, marbit_kobold_abyss_entry,
          kennysheep_flooded_box, hangedman_tar_grid_catacomb,
          nicolae_shop_i_like_small_books_too,
          nicolae_gozag_conspicuous_consumption, uniq_mennas
Zot:1:    layout_concentric_octagons, ebering_ghost_rock_garden,
          st_grand_hoard_of_tiamat
Zot:2:    minmay_elemental_castle, layout_cellular_growth, zot_minivault_1,
          grunt_megastairs_4
Zot:3:    dreamdust_black_sun_cult, layout_onion_interference,
          grunt_ministairs_13, st_large_dragon_hoard_3
Zot:4:    layout_basic, uniq_parghit
Zot:5:    layout_gridlike, grunt_ministairs_14, drop_trap

Skill      XL: |  1  2  3  4  5  6  7  8  9 10 11 12 13 14 15 16 17 18 19 20 21 22 23 24 25 26 |
---------------+-------------------------------------------------------------------------------+-----
Maces & Flails | 3 5 6 7 9 11 13 14 15 16 17 18 19 20 | 20.0
Fighting       | 4 5 6 7 8 9 11 12 15 17 19 20 21 22 24 26 27 | 27.0
Armour         | 4 5 6 7 8 9 11 12 14 15 16 17 18 19 20 21 22 23 24 | 24.7
Shields        | 4 5 6 7 8 9 11 12 14 15 17 18 19 21 22 23 24 25 | 25.3
Throwing       | 6 9 11 14 16 17 | 17.4
Invocations    | 5 7 8 10 12 13 16 | 16.0
Evocations     | 4 7 |  7.4
Dodging        | 5 12 17 19 | 19.9

Action                     |  1- 3 |  4- 6 |  7- 9 | 10-12 | 13-15 | 16-18 | 19-21 | 22-24 | 25-27 || total
---------------------------+-------+-------+-------+-------+-------+-------+-------+-------+-------++-------
  Melee: Flail             |    65 |    91 |   208 |   548 |  1354 |   181 |       |       |       ||  2447
         Headbutt          |     7 |    18 |    38 |   148 |   384 |   342 |   535 |   493 |   530 ||  2495
         Eveningstar       |       |       |       |       |       |  1165 |  1471 |  1282 |       ||  3918
         Sacred scourge    |       |       |       |       |       |       |       |   237 |  1352 ||  1589
  Throw: Javelin           |       |       |       |       |     5 |    19 |     2 |    38 |    10 ||    74
         Boomerang         |       |       |       |       |       |       |   122 |   258 |   157 ||   537
 Invoke: Heroism           |       |       |       |     1 |     3 |     7 |     5 |     3 |     6 ||    25
         Finesse           |       |       |       |       |       |     1 |     1 |     2 |    12 ||    16
  Evoke: Wand              |       |       |       |       |       |       |       |       |     1 ||     1
    Use: Scroll            |       |       |       |    13 |    18 |    13 |     5 |     9 |     6 ||    64
         Potion            |       |       |       |       |     2 |     3 |     1 |     2 |     3 ||    11
   Stab: Petrified         |       |       |       |       |     7 |       |       |       |       ||     7
         Distracted        |       |       |       |       |       |     1 |       |       |       ||     1
 Armour: Scale mail        |    49 |    27 |    50 |    70 |       |       |       |       |       ||   196
         Crystal plate arm |       |       |       |    35 |   619 |   492 |   468 |   352 |   277 ||  2243
  Dodge: Dodged            |    57 |    41 |   108 |   212 |   441 |   315 |   122 |   155 |   401 ||  1852
  Block: Buckler           |    15 |    19 |   115 |   251 |   771 |   525 |       |       |       ||  1696
         Reflection        |       |       |     8 |     9 |    25 |   100 |   214 |   120 |    28 ||   504
         Tower shield      |       |       |       |       |       |   412 |  1704 |  1283 |  1094 ||  4493
         Kite shield       |       |       |       |       |       |   122 |       |       |       ||   122
